Description

A quite strong attack for and against beginners or Bots when performed properly.

Build Order

Get SALT Encoding   

  12  0:00  SCV  
  13  0:08  SCV  
  14  0:20  Supply Depot  
  14  0:23  SCV  
  15  0:30  SCV  
  16  0:44  Barracks  Wait until the supply depot is finished
  16  0:51  SCV  
  17  1:10  Barracks x4  Wait until you have around 400 Minerals. After all of the barracks finished set their spawn point near to a Stair. From now on just build constant Marines and Supply Depots!
Spawning Tool Build Advisor. Get it on Overwolf

Analysis

Try to attack when you have at least 70 Marines. Its very important because else is the army to weak to fight and won't deal enough damage to the enemies buildings.

Go to:

Details

  • Created by: Requin_Tiburon
  • Published on: Nov 29, 2020
  • Modified on: Nov 29, 2020
  • Patch: 4.11.0
  • Difficulty: Easy
Show
View Real Time Build Order
Export as new Build Order

Comments (0)

There are no comments. Be the first!

Create an account to comment!